 Dungeon Crawl Stone Soup version 0.20.1-1-g8b1a95d (webtiles) character file.

250 vishdafish the Skirmisher (level 5, 32/42 HPs)
             Began as a Demonspawn Fighter on July 14, 2017.
             Quit the game on level 2 of the Dungeon.
             The game lasted 00:01:39 (1120 turns).

vishdafish the Skirmisher (Demonspawn Fighter)      Turns: 1120, Time: 00:01:40

Health: 32/42      AC:  6    Str: 22    XL:     5   Next: 88%
Magic:  5/5        EV:  8    Int: 10    God:
Gold:   77         SH: 13    Dex: 12    Spells: 4/4 levels left

rFire    . . .     SeeInvis .   a - +0 trident
rCold    . . .     Gourm    .   c - +0 shield
rNeg     . . .     Faith    .   b - +0 scale mail
rPois    .         Spirit   .   (no helmet)
rElec    .         Reflect  +   (no cloak)
rCorr    .         Harm     .   (no gloves)
MR       .....                  (no boots)
Stlth    ..........             j - +4 amulet of reflection
Regen    0.2/turn               (no ring)
MPRegen  0.1/turn               (no ring)

@: mighty
A: hooves 1, powered by pain 1
a: no special abilities


You were on level 2 of the Dungeon.
You were not hungry.

You visited 1 branch of the dungeon, and saw 3 of its levels.

You collected 77 gold pieces.

Inventory:

Hand Weapons
 a - a +0 trident (weapon)
Armour
 b - a +0 scale mail (worn)
 c - a +0 shield (worn)
Jewellery
 j - a +4 amulet of reflection (around neck)
Scrolls
 g - a scroll of teleportation {unknown}
 h - a scroll of enchant armour {unknown}
 i - 3 scrolls of identify {unknown}
 k - 3 scrolls of amnesia {unknown}
Potions
 d - a potion of magic {unknown}
 e - 4 potions of curing {unknown}
Comestibles
 f - a bread ration


   Skills:
 + Level 3.7 Fighting
 + Level 3.6 Polearms
 + Level 3.4 Armour
 + Level 1.4 Dodging
 + Level 0.8 Stealth
 + Level 3.4 Shields


You had 4 spell levels left.
You didn't know any spells.

Dungeon Overview and Level Annotations

Branches:
Dungeon (3/15)

Altars:
Gozag


Innate Abilities, Weirdness & Mutations

You have large cloven feet.
You sometimes gain a little power by taking damage.


Message History

Deactivating autopickup; reactivate with Ctrl-A.
No target in view!
No target in view!
No target in view!
No target in view!
No target in view!
Something hits you.
You barely miss something. Your kick misses something. Something hits you.
You puncture something!
Reactivating autopickup.
Your Polearms skill increases to level 3!
Your Dodging skill increases to level 1!
You have reached level 5!
Your demonic ancestry asserts itself...
You feel energised by your suffering.
You feel a bit more experienced.
d - a yellow potion
Things that are here:
a scythe; a robe Are you sure you want to abandon this character and quit the game? (Confirm with "yes".)

###### ##.....#.....##
##.............##
#...............#
#..........<....# ####
##................ #..#
###................. ...#
#.†................. .#.#
#.##..)...@.>......#
.#.####.###......!......##
##.##...# ##.....#.....##
##.##.#######.##.#..####
......# #.......#.##
......###..........#
..._...#...............
..............<...#####
.......#..........#


There were no monsters in sight!

Vanquished Creatures
  Sigmund (D:2)
  Terence (D:2)
  Jessica (D:2)
  An ooze (D:2)
  2 leopard geckos (D:1)
  3 giant cockroaches (D:1)
  A goblin (D:1)
  9 hobgoblins
  5 jackals (D:1)
  5 bats
  A frilled lizard (D:2)
  3 rats
33 creatures vanquished.

Notes
Turn   | Place    | Note
-------+----------+-------------------------------------------
     0 | D:1      | vishdafish the Demonspawn Fighter began the quest for the Orb.
     0 | D:1      | Reached XP level 1. HP: 18/18 MP: 1/1
   153 | D:1      | Gained mutation: You have large cloven feet. [demonic ancestry]
   153 | D:1      | Reached XP level 2. HP: 10/24 MP: 2/2
   856 | D:2      | Noticed Jessica
   860 | D:2      | Killed Jessica
   860 | D:2      | Reached XP level 3. HP: 29/29 MP: 3/3
   882 | D:2      | Found an opulent altar of Gozag.
   928 | D:2      | Noticed Terence
   947 | D:2      | Killed Terence
   947 | D:2      | Reached XP level 4. HP: 24/35 MP: 4/4
   950 | D:2      | Noticed Sigmund
  1117 | D:2      | Killed Sigmund
  1117 | D:2      | Reached skill level 1 in Dodging
  1117 | D:2      | Gained mutation: You sometimes gain a little power by taking damage. [demonic ancestry]
  1117 | D:2      | Reached XP level 5. HP: 32/42 MP: 5/5
  1120 | D:2      | Quit the game

Skill      XL: |  1  2  3  4 |
---------------+-------------+-----
Polearms       | 2 3 |  3.6
Shields        | 3 |  3.4
Armour         | 3 |  3.4
Dodging        | 1 |  1.4
Fighting       | |  3.7
Stealth        | |  0.8

Action                   |  1- 3 |  4- 6 || total
-------------------------+-------+-------++-------
Melee: Trident           |   117 |    16 ||   133
       Kick              |    12 |     1 ||    13
  Use: Potion            |       |     1 ||     1
  Eat: Bread ration      |       |     1 ||     1
Armor: Scale mail        |    44 |    15 ||    59
Dodge: Dodged            |    26 |     4 ||    30
Block: Shield            |    51 |    18 ||    69
